 Dungeon Crawl Stone Soup version 0.30-a0-755-g0b50240ab4 (webtiles) character file.

Game seed: 8379911223142145023

2627 Chromium the Blocker (level 9, 0/71 HPs)
             Began as an Armataur Fighter on Feb 8, 2023.
             Was a Follower of Okawaru.
             Slain by a polar bear (15 damage)
             ... on level 8 of the Dungeon on Feb 9, 2023.
             The game lasted 00:29:48 (6707 turns).

Chromium the Blocker (Armataur Fighter)             Turns: 6707, Time: 00:29:49

Health: 0/71       AC: 20    Str: 21 (25) XL:     9   Next: 35%
Magic:  8/9        EV:  5    Int: 12      God:    Okawaru [*.....]
Gold:   365        SH:  6    Dex: 14 (15) Spells: 8/8 levels left

rFire   + . .      SeeInvis .    A - +2 dagger (venom)
rCold   . . .      Faith    .    c - +0 buckler
rNeg    . . .      Spirit   .    b - +0 scale mail
rPois   .          Reflect  .    l - +0 helmet
rElec   .          Harm     .    (no cloak)
rCorr   .          Roll     +    z - +0 pair of gloves
Will    .....      Rage     9%   a - +1 barding {rF+} Stlth
                                 (no amulet)
HPRegen 0.31/turn                g - ring of flight
MPRegen 0.11/turn                h - +6 ring of dexterity

@: flying
A: large, rugged brown scales 3, deformed body, armoured tail, roll, long
tongue, awkward tongue, iridescent scales 2, berserk 2, clever 1, frail 2,
MP-powered wands
a: Renounce Religion, Heroism


You were on level 8 of the Dungeon.
You worshipped Okawaru.
Okawaru was aware of your devotion.
You visited 2 branches of the dungeon, and saw 9 of its levels.

You collected 365 gold pieces.

Inventory:

Hand Weapons
 A - a +2 dagger of venom (weapon)
Armour
 a - a +1 barding of fire resistance (worn)
 b - a +0 scale mail (worn)
 c - a +0 buckler (worn)
 l - a +0 helmet (worn)
 z - a +0 pair of gloves (worn)
Magical Staves
 i - a staff of fire
Jewellery
 g - a ring of flight (left hand)
 h - a +6 ring of dexterity (right hand)
 t - a +4 ring of protection
 B - a ring of willpower
Wands
 j - a wand of light (7)
 m - a wand of flame (13)
 s - a wand of polymorph (12)
 u - a wand of paralysis (7)
Scrolls
 e - 2 scrolls of silence
 f - 3 scrolls of magic mapping
 n - 3 scrolls of amnesia {unknown}
 p - a scroll of torment {unknown}
 v - 4 scrolls of teleportation
 w - a scroll of fear
 x - a scroll of vulnerability {unknown}
 y - a scroll of blinking
 E - a scroll of poison {unknown}
Potions
 d - 3 potions of might
 k - a potion of attraction {unknown}
 o - 2 potions of heal wounds
 q - a potion of ambrosia {unknown}
 r - a potion of flight
 C - a potion of magic {unknown}
 D - a potion of lignification {unknown}


   Skills:
 + Level 8.9 Fighting
 + Level 1.0(1.6) Short Blades
 - Level 1.8(2.0) Long Blades
 + Level 6.2 Armour
 + Level 8.9 Shields
 * Level 0.8 Invocations


You had 8 spell levels left.
You didn't know any spells.
Your spell library contained the following spells:

 Spells                   Type           Power      Damage    Failure   Level
 Kiss of Death            Conj/Necr      0%         2d5       67%         1
 Shock                    Conj/Air       0%         1d3       67%         1
 Blink                    Tloc           0%         N/A       82%         2
 Lesser Beckoning         Tloc           0%         N/A       82%         2
 Momentum Strike          Conj/Tloc      0%         3d8       82%         2
 Static Discharge         Conj/Air       0%         2-2/arc   82%         2
 Confusing Touch          Hex            0%         N/A       96%         3
 Ignite Poison            Fire/Tmut/Pois 0%         N/A       96%         3
 Kindle Blastsparks       Fire/Tloc/Air  0%         2d10      96%         3
 Swiftness                Air            0%         N/A       96%         3
 Vhi's Electric Charge    Tloc/Air       0%         N/A       96%         3
 Airstrike                Air            0%         2d(0-16)  100%        4
 Dispel Undead            Necr           0%         3d6       100%        4
 Manifold Assault         Tloc           0%         N/A       100%        4
 Arcjolt                  Conj/Air       0%         1d10      100%        5
 Freezing Cloud           Conj/Ice/Air   0%         6-21      100%        5
 Lightning Bolt           Conj/Air       0%         1d11      100%        5
 Storm Form               Tmut/Air       0%         N/A       100%        7
 Animate Dead             Necr           Unusable   N/A       N/A         4
 Haunt                    Necr/Summ      Unusable   N/A       N/A         7
 Infestation              Necr           Unusable   N/A       N/A         8

Dungeon Overview and Level Annotations

Branches:
Dungeon (8/15)             Temple (1/1) D:5
   Lair: D:8-11

Altars:
Cheibriados
Dithmenos
Elyvilon
Nemelex Xobeh
Okawaru
Qazlal
Sif Muna
Trog
Uskayaw
Vehumet
Xom
The Shining One

Shops:
D:4 :


Innate Abilities, Weirdness & Mutations

You are completely covered in rugged brown scales. (AC +3, +7% HP)
Armour fits poorly on your strangely shaped body.
You have a long armoured tail.
You roll when moving toward enemies. (Rampage)
Your long tongue fully drains potion bottles. (2x potion effects)
Your tongue gives you trouble enunciating. (1.5x scroll delay)
You are mostly covered in iridescent scales. (AC +4)
You have an uncontrollable temper.
Your mind is acute. (Int +4, Str/Dex -1)
You are very frail. (-20% HP)
You expend magic power (3 MP) to strengthen your wands.


Message History

The polar bear looks as sick as possible!
The polar bear is heavily wounded.
You block the polar bear's attack. x2
The polar bear claws you but does no damage.
You hit the polar bear but do no damage.
You tail-slap the polar bear!
The polar bear is severely wounded.
The polar bear goes berserk!
You hit the polar bear but do no damage.
The polar bear looks as sick as possible!
The polar bear is severely wounded.
The polar bear bites you!!
The polar bear claws you but does no damage.
The polar bear claws you.
You hit the polar bear.
The polar bear looks as sick as possible!
The polar bear is almost dead.
The polar bear bites you but does no damage.
You block the polar bear's attack. The polar bear barely misses you.
You hit the polar bear.
The polar bear looks as sick as possible!
The polar bear is almost dead.
You feel like a meek peon again.
A wolf comes into view.
The polar bear barely misses you. The polar bear closely misses you.
The polar bear barely misses you.
The wolf howls!
You hit the polar bear but do no damage.
The polar bear looks as sick as possible!
The polar bear is almost dead.
The polar bear bites you!
* * * LOW HITPOINT WARNING * * *
The polar bear claws you but does no damage.
The polar bear barely misses you.
You hit the polar bear but do no damage.
The polar bear looks as sick as possible!
The polar bear is almost dead.
You recover from your berserk rage.
The polar bear bites you!
You die...

.. ..... .##.#..
...#.# #..#.# #..#.#
#######))#.#
...^....).<#
########.########...
#..h)@hkY.....
#.######.....# #.
..... #. ...# #. #..
.. . .. ..


You could see a polar bear (berserk, extremely poisoned), a rime drake, an ice
beast and a wolf.

Vanquished Creatures
  Grinder (D:5)
  Sigmund (D:4)
  A water moccasin (D:6)
  7 ice beasts
  3 black bears
  A wolf (D:8)
  A kobold brigand (D:6)
  2 bullfrogs (D:7)
  2 necrophages (D:6)
  3 scorpions
  4 killer bees (D:7)
  2 jellies
  4 hounds
  An orc priest (D:5)
  2 orc wizards
  An iguana (D:5)
  3 gnolls (D:4)
  9 adders
  A shadow imp (D:5)
  3 white imps
  An ufetubus (D:5)
  A worm (D:4)
  3 dart slugs
  17 orcs
  7 endoplasms
  A giant cockroach (D:1)
  3 hobgoblins
  4 jackals (D:1)
  4 quokkas
  4 ball pythons
  4 bats
  2 frilled lizards (D:1)
  7 goblins
  11 kobolds
  3 rats
124 creatures vanquished.

Vanquished Creatures (others)
  An orc wizard (D:5)
  An orc (D:5)
2 creatures vanquished.

Grand Total: 126 creatures vanquished

Notes
Turn   | Place    | Note
-------+----------+-------------------------------------------
     0 | D:1      | Chromium the Armataur Fighter began the quest for the Orb.
     0 | D:1      | Reached XP level 1. HP: 19/19 MP: 1/1
    94 | D:1      | Upgraded the game from 0.30-a0-743-gbfdf073431 to
                  | 0.30-a0-755-g0b50240ab4
   160 | D:1      | Reached XP level 2. HP: 24/26 MP: 2/2
   943 | D:2      | Reached XP level 3. HP: 33/33 MP: 3/3
  2072 | D:3      | Reached XP level 4. HP: 40/40 MP: 4/4
  2825 | D:3      | Gained mutation: You are partially covered in iridescent
                  | scales. (AC +2) [potion of mutation]
  2825 | D:3      | Gained mutation: Your mind is acute. (Int +4, Str/Dex -1)
                  | [potion of mutation]
  2825 | D:3      | Gained mutation: You have hidden genetic defects. [potion
                  | of mutation]
  2825 | D:3      | Gained mutation: You are frail. (-10% HP) [potion of
                  | mutation]
  2825 | D:3      | Gained mutation: You expend magic power (3 MP) to
                  | strengthen your wands. [potion of mutation]
  2825 | D:3      | Gained mutation: You sometimes lose your temper in combat.
                  | [potion of mutation]
  2825 | D:3      | Gained mutation: You are mostly covered in iridescent
                  | scales. (AC +4) [potion of mutation]
  2859 | D:4      | Noticed a scorpion
  2879 | D:4      | Killed a scorpion
  2880 | D:4      | Reached skill level 5 in Armour
  2880 | D:4      | Reached XP level 5. HP: 44/44 MP: 5/5
  2894 | D:4      | Gained mutation: You are very frail. (-20% HP) [hidden
                  | defects]
  3046 | D:4      | Gained mutation: You have an uncontrollable temper. [hidden
                  | defects]
  3046 | D:4      | Lost mutation: You have hidden genetic defects. [hidden
                  | defects expressed]
  3388 | D:4      | Found Pikedaj's Tremendous Tomes.
  3514 | D:4      | Reached XP level 6. HP: 45/45 MP: 6/6
  3577 | D:4      | Noticed Sigmund
  3594 | D:4      | Killed Sigmund
  3595 | D:4      | Reached skill level 5 in Shields
  3768 | D:5      | Entered Level 5 of the Dungeon
  3768 | D:5      | Noticed an ice beast
  3781 | D:5      | Killed an ice beast
  3782 | D:5      | Reached skill level 5 in Fighting
  3782 | D:5      | Reached XP level 7. HP: 53/53 MP: 7/7
  3798 | D:5      | Found a shadowy altar of Dithmenos.
  3801 | D:5      | Found a bloodstained altar of Trog.
  3883 | D:5      | Found a shimmering blue altar of Sif Muna.
  3939 | D:5      | Found a shimmering altar of Xom.
  4130 | D:5      | Noticed Grinder
  4131 | D:5      | Paralysed by Grinder for 5 turns
  4160 | D:5      | Killed Grinder
  4161 | D:5      | Reached XP level 8. HP: 53/61 MP: 8/8
  4178 | D:5      | Identified a scroll of acquirement
  4181 | D:5      | Acquired a +1 barding of fire resistance
  4438 | D:5      | Found a staircase to the Ecumenical Temple.
  4448 | Temple   | Entered the Ecumenical Temple
  4558 | Temple   | Became a worshipper of Warmaster Okawaru
  4988 | D:6      | Found a sparkling altar of Nemelex Xobeh.
  5012 | D:6      | Found a glowing golden altar of the Shining One.
  5407 | D:6      | Reached * piety under Okawaru
  5697 | D:7      | Reached XP level 9. HP: 66/71 MP: 9/9
  6139 | D:7      | Found a white marble altar of Elyvilon.
  6676 | D:8      | Noticed a polar bear
  6681 | D:8      | Noticed a rime drake
  6689 | D:8      | Reached skill level 1 in Short Blades
  6707 | D:8      | Slain by a polar bear

Illustrated notes

Levels and vault maps discovered:
D:1:      dpeg_arrival_rhombus, layout_loops_ring, serial_park_tiny_pond
D:2:      layout_loops_corners, skrybe_limestone_x
D:3:      layout_loops_corners, minivault_24, chequers_serial_rivers_room_b
D:4:      layout_basic, nicolae_shop_i_like_big_books, uniq_sigmund
D:5:      layout_loops_ring, nicolae_overflow_hidden_temple,
          overflow_temple_1_default, minmay_temple_entry_poolview, uniq_grinder
D:6:      layout_loops_ring, mainiacjoe_overflow_tiny_flanked,
          mainiacjoe_overflow_paths
D:7:      layout_basic, kennysheep_little_box, st_stairs_9
D:8:      layout_basic, bloody_makhleb, hellmonk_lair_entry_icy,
          nicolae_ossuary_entry_false_entrances
Temple:   oiseaux_autumnal_temple

Skill      XL: |  1  2  3  4  5  6  7  8  9 |
---------------+----------------------------+-----
Fighting       | 3 4 5 6 8 |  8.9
Armour         | 4 5 6 |  6.2
Shields        | 4 5 6 8 |  8.9
Short Blades   | 1 |  1.0
Long Blades    | |  1.8
Invocations    | |  0.8

Action                     |  1- 3 |  4- 6 |  7- 9 || total
---------------------------+-------+-------+-------++-------
  Melee: Long sword        |   118 |       |       ||   118
         Tailslap          |    13 |    15 |    42 ||    70
         Dagger            |    16 |    94 |   296 ||   406
 Invoke: Heroism           |       |       |     1 ||     1
    Use: Scroll            |     3 |     2 |     5 ||    10
         Potion            |       |     3 |     6 ||     9
 Armour: Scale mail        |    97 |    51 |   219 ||   367
  Dodge: Dodged            |    55 |    23 |    76 ||   154
  Block: Buckler           |    27 |    17 |    58 ||   102

Table legend: (Time is in decaauts)
 A = Elapsed time spent in this place.
 B = Non-inter-level travel time spent in this place.
 C = Inter-level travel time spent in this place.
 D = Time resting spent in this place.
 E = Time spent auto-exploring this place.
 F = Levels seen in this place.
 G = Mean time per level.
                   A        B        C        D        E       F      G
               +--------+--------+--------+--------+--------+-----+--------+
         Total |   6909 |   6879 |     30 |      0 |   3816 |   9 |  767.7 |
       Dungeon |   6760 |   6730 |     30 |      0 |   3816 |   8 |  845.0 |
        Temple |    148 |    148 |      0 |      0 |      0 |   1 |  148.0 |
               +--------+--------+--------+--------+--------+-----+--------+

Top non-repeatable levels by time:
     D:3: 1096 daAuts
     D:7: 999 daAuts
     D:2: 994 daAuts
     D:4: 959 daAuts
     D:6: 943 daAuts
     D:5: 896 daAuts
     D:1: 797 daAuts
  Temple: 148 daAuts
     D:8: 74 daAuts
